AoeStats
← 笙箫楠兮

Pilgrims

510264741Analyzed
4v4 RM · 9h ago on Sep 30, 2026· 46m 19s· 8 players
Game mode
Random Map
Map size
Large (8 player)
Population
200
Speed
Normal
Resources
Standard
Victory
Conquest
Starting age
Dark Age
Ending age
Imperial Age
RankedLock teamsTeams togetherTeam positionsShared explorationLock speedFull tech treeHidden civsTurbo modeCheats
Victory
Defeat
🇨🇳 Armenians · China
929
+17
🇹🇷 Japanese · Türkiye
921
+17
🇦🇷 Italians · Argentina
917
+17
🇺🇸 Spanish · United States
872
+19
🇨🇳 Magyars · China
1012
-20
🇭🇰 Varangians · Hong Kong SAR China
997
-20
🇭🇰 Armenians · Hong Kong SAR China
912
-16
🇨🇳 Wu · China
858
-14
ryioze
13:34 Feudal Age
15:16 Double-Bit Axe
15:22 Stone Mining
17:59 Castle Age
18:31 Loom
32:47 Gambesons
33:02 Squires
39:26 Imperial Age
37:35 Thumb Ring
37:57 Fletching
38:08 Padded Archer Armor
38:19 Forging
38:10 Scale Mail Armor
38:00 Horse Collar
39:56 Elite Samurai
43:09 Iron Casting
42:49 Chain Mail Armor
43:31 Chain Mail Armor
43:32 Leather Archer Armor
45:08 Wheelbarrow
45:30 Town Watch
micahsanders29
15:02 Feudal Age
13:18 Loom
15:42 Man-at-Arms
16:09 Arson
16:33 Double-Bit Axe
19:04 Forging
19:33 Scale Mail Armor
19:26 Fishing Lines
24:46 Fletching
30:05 Castle Age
28:34 Horse Collar
33:45 Bodkin Arrow
35:37 Herbal Medicine
38:25 Wheelbarrow
39:11 Gold Mining
39:37 Bow Saw
44:21 Imperial Age
43:12 Ballistics
43:45 Hand Cart
46:45 Chemistry
笙箫楠兮
10:06 Loom
11:51 Feudal Age
18:34 Castle Age
17:01 Man-at-Arms
19:39 Horse Collar
19:47 Double-Bit Axe
19:55 Gold Mining
19:41 Long Swordsman
22:57 Bow Saw
23:07 Heavy Plow
25:45 Wheelbarrow
24:33 Two-Handed Swordsman
25:01 Gambesons
25:17 Squires
25:02 Arson
27:40 Gold Shaft Mining
27:50 Hand Cart
27:30 Champion
30:14 Forging
30:19 Scale Mail Armor
31:55 Iron Casting
33:35 Chain Mail Armor
Sukhavati
9:34 Feudal Age
10:16 Double-Bit Axe
10:20 Fishing Lines
17:15 Castle Age
17:38 Bloodlines
17:35 Scale Barding Armor
17:50 Loom
24:19 Wheelbarrow
23:30 Town Watch
25:04 Bow Saw
27:47 Horse Collar
33:17 Fletching
33:57 Bodkin Arrow
37:10 Imperial Age
35:40 Hand Cart
35:52 Ballistics
35:53 Thumb Ring
37:27 Masonry
39:05 Two-Man Saw
38:08 Heavy Plow
38:58 Conscription
38:50 Pirotechnia
39:47 Chemistry
39:45 Stone Mining
39:46 Gold Mining
40:43 Crop Rotation
42:59 Pirotechnia
43:15 Bracer
43:16 Padded Archer Armor
44:58 Leather Archer Armor
likelisi017
7:22 Loom
16:06 Feudal Age
20:58 Castle Age
20:35 Horse Collar
20:44 Double-Bit Axe
20:58 Stone Mining
22:26 Wheelbarrow
22:27 Bow Saw
22:25 Heavy Plow
24:22 Fishing Lines
25:43 Gillnets
26:26 Fletching
27:13 Fervor
27:38 Gold Mining
28:19 Town Watch
29:54 Hand Cart
30:11 Corvinian Army
30:55 Gold Shaft Mining
34:20 Imperial Age
32:10 Murder Holes
32:16 Bodkin Arrow
32:34 Scale Barding Armor
34:07 Chain Barding Armor
34:27 Ballistics
34:17 Masonry
37:06 Two-Man Saw
36:37 Crop Rotation
36:51 Conscription
37:34 Elite Magyar Huszar
39:31 Plate Barding Armor
40:15 Chemistry
43:03 Hoardings
42:51 Bracer
45:08 Padded Archer Armor
45:25 Heavy Cavalry Archer
46:31 Parthian Tactics
46:31 Thumb Ring
こちやさなえ
12:43 Feudal Age
17:09 Castle Age
15:15 Fletching
16:13 Fishing Lines
18:04 Medium Warships
20:28 Forging
20:18 Scale Mail Armor
20:33 Gillnets
23:20 Iron Casting
23:00 Chain Mail Armor
23:55 Double-Bit Axe
42:56 Elite Skirmisher
48:38 Imperial Age
yanbb0916
12:59 Feudal Age
11:15 Loom
16:13 Fletching
19:16 Double-Bit Axe
19:16 Horse Collar
29:31 Castle Age
32:42 Wheelbarrow
34:12 Hand Cart
36:52 Town Watch
39:42 Imperial Age
38:00 Bow Saw
37:46 Gold Mining
38:39 Town Patrol
39:48 Gold Shaft Mining
39:06 Stone Mining
41:23 Conscription
41:07 Bodkin Arrow
41:12 Padded Archer Armor
41:37 Elite Composite Bowman
42:52 Hoardings
43:05 Ballistics
42:56 Masonry
43:27 Leather Archer Armor
bnana2K
9:53 Loom
12:05 Feudal Age
12:57 Arson
15:48 Fletching
19:54 Castle Age
22:06 Medium Warships
22:01 Bodkin Arrow
26:16 Red Cliffs Tactics
29:57 Fishing Lines
30:50 Padded Archer Armor
39:16 Murder Holes
39:34 Gillnets
40:45 Double-Bit Axe
46:21 Gold Mining
Connection lost

Rejoining the realm…

Still unreachable

The connection could not be restored.

Session expired

The server has moved on; the page needs a fresh start.